 Dungeon Crawl Stone Soup version 0.31-a0-506-g3d79149578 (webtiles) character file.

Game seed: 3900277121444310039

53 GordonOverkill the Sneak (level 3, 0/26 HPs)
             Began as an Octopode Delver on Aug 9, 2023.
             Slain by a phantom (5 damage)
             ... in the Ecumenical Temple.
             The game lasted 00:01:01 (188 turns).

GordonOverkill the Sneak (Octopode Delver)           Turns: 188, Time: 00:01:02

Health: 0/26       AC:  5    Str: 11    XL:     3   Next: 89%
Magic:  3/3        EV: 13    Int: 14    God:
Gold:   4          SH:  0    Dex: 13    Spells: 2/2 levels left

rFire   . . .        a - +0 short sword
rCold   . . .        (no shield)
rNeg    . . .        (helmet restricted)
rPois   .            (no amulet)
rElec   .            e - +4 ring of protection
rCorr   .            (no ring)
SInv    .            (no ring)
Will    .....        (no ring)
Stlth   ++++         (no ring)
HPRegen 0.24/turn    (no ring)
MPRegen 0.08/turn    (no ring)
                     (no ring)

%: no passive effects
@: no status effects
A: almost no armour, amphibious, 8 rings, camouflage 1, gelatinous body 1,
(nimble swimmer 1), tentacles
a: no special abilities


You were in the Ecumenical Temple.
You visited 2 branches of the dungeon, and saw 4 of its levels.

You collected 4 gold pieces.

Inventory:

Hand Weapons
 a - a +0 short sword (weapon)
Jewellery
 e - a +4 ring of protection (left tentacle)
Wands
 f - a wand of digging (3)
Scrolls
 b - a scroll of fog
 c - a scroll of revelation


   Skills:
 - Level 3.0 Fighting
 + Level 4.1 Short Blades
 - Level 2.0 Dodging
 - Level 6.6 Stealth


You had 2 spell levels left.
You didn't know any spells.
Your spell library was empty.

Dungeon Overview and Level Annotations

Branches:
Dungeon (7/15)             Temple (1/1) D:7

Altars:
Ashenzari
Cheibriados
Dithmenos
Elyvilon
Hepliaklqana
Kikubaaqudgha
Makhleb
Nemelex Xobeh
Okawaru
Qazlal
Ru
Sif Muna
Trog
Uskayaw
Vehumet
Yredelemnul
Zin
The Shining One

Annotations:
D:6 Blork the orc


Innate Abilities, Weirdness & Mutations

You cannot wear most types of armour.
You are amphibious.
You can wear up to eight rings at the same time.
Your skin changes colour to match your surroundings (Stealth+).
Your rubbery body absorbs attacks. (AC +1, EV +1)
((You are camouflaged when in or above water. (Stealth+)))
You have tentacles for arms and can constrict up to eight enemies at once.


Message History

Unknown command.
You completely miss the phantom. The phantom hits you.
* * * LOW HITPOINT WARNING * * *
You aren't carrying any potions.
Unknown command.
As you read the scroll of fear, it crumbles to dust.
You assume a fearsome visage.
The phantom is unaffected.
The adder looks frightened!
The adder hisses angrily.
The phantom barely misses you. The phantom attacks as you move away!
The phantom hits you.
* * * LOW HITPOINT WARNING * * *
There is an escape hatch in the floor here.
The phantom hits you.
* * * LOW HITPOINT WARNING * * *
The phantom blinks!
You blink.
You stop descending the stairs.
The phantom attacks as you move away! The phantom misses you.
There is an escape hatch in the floor here.
The phantom closely misses you.
You slide downwards.
The hatch slams shut behind you.
Found 6 stones and a battleaxe.
Found a staircase to the Ecumenical Temple.
The phantom attacks as you move away! The phantom barely misses you.
The phantom attacks as you move away! The phantom closely misses you.
The phantom attacks as you move away! The phantom hits you.
* * * LOW HITPOINT WARNING * * *
The phantom attacks as you move away! The phantom hits you.
* * * LOW HITPOINT WARNING * * *
There is a staircase to the Ecumenical Temple here.
The phantom hits you.
* * * LOW HITPOINT WARNING * * *
You climb downwards.
Welcome to the Ecumenical Temple!
Found eight altars.
Found a staircase back to the Dungeon.
There is a staircase back to the Dungeon here.
You aren't carrying any potions.
Okay, then.
Unknown command.
You aren't carrying any potions.
You barely miss the phantom. The phantom hits you.
You die...

#...# #...##.##.##.##...# #...#
#._.# #._.###.#.#.###._.# #._.#
#...####...####...####...####...#
####.##.###.###._.###.###.##.####
##..#####.##...##.#####..##
##.#..####.##.##.####..#.##
#.####.####.#.#.####.####.# ###
##...##...##...## ###
#._....@...._.# ###
##...##W..##...## ###
#.####.####.#.#.####.####.#
##.#..####.##.##.####..#.##
##..#####.##...##.#####..##
####.##.###.###._.###.###.##.####
#...####...####...####...####...#
#._.# #._.###.#.#.###._.# #._.#
#...# #...##.##.##.##...# #...#


You could see a phantom.

Vanquished Creatures
  A hound (D:6)
  An iguana (D:6)
2 creatures vanquished.

Notes
Turn   | Place    | Note
-------+----------+-------------------------------------------
     0 | D:5      | GordonOverkill the Octopode Delver began the quest for the
                  | Orb.
     0 | D:5      | Reached XP level 1. HP: 16/16 MP: 1/1
    12 | D:5      | Noticed a sleepcap
    12 | D:5      | Noticed an iguana
    12 | D:5      | Noticed a hound
    25 | D:6      | Noticed Blork the orc
    27 | D:6      | Noticed a hound
    44 | D:6      | Killed a hound
    45 | D:6      | Reached XP level 2. HP: 6/21 MP: 2/2
    45 | D:6      | Reached XP level 3. HP: 7/26 MP: 3/3
   155 | D:6      | Noticed a phantom
   178 | D:7      | Found a staircase to the Ecumenical Temple.
   187 | Temple   | Entered the Ecumenical Temple
   188 | Temple   | Slain by a phantom

Illustrated notes

Levels and vault maps discovered:
D:5:      layout_rooms
D:6:      layout_basic, dk_noncrumbling_2, kennysheep_windowed_goal,
          uniq_blork_the_orc
D:7:      layout_rooms, minmay_temple_entry_grid, kennysheep_cross_room,
          kb_rosetta
Temple:   eino_narrow_crystal_temple

Skill      XL: |  1  2  3 |
---------------+----------+-----
Short Blades   | 3 4 |  4.1
Fighting       | |  3.0
Dodging        | |  2.0
Stealth        | |  6.6

Action                     || total
---------------------------++-------
  Melee: Short sword       ||     9
         Constrict         ||     1
         Tentacles         ||     1
    Use: Potion            ||     1
         Scroll            ||     1
   Stab: Sleeping          ||     1
 Armour: Skin              ||     1
  Dodge: Dodged            ||    10

Table legend: (Time is in decaauts)
 A = Elapsed time spent in this place.
 B = Non-inter-level travel time spent in this place.
 C = Inter-level travel time spent in this place.
 D = Time resting spent in this place.
 E = Time spent auto-exploring this place.
 F = Levels seen in this place.
 G = Mean time per level.
                   A        B        C        D        E       F      G
               +--------+--------+--------+--------+--------+-----+--------+
         Total |    166 |    166 |      0 |     78 |      0 |   4 |   41.5 |
       Dungeon |    165 |    165 |      0 |     78 |      0 |   3 |   55.0 |
        Temple |      0 |      0 |      0 |      0 |      0 |   1 |    0.0 |
               +--------+--------+--------+--------+--------+-----+--------+

Top non-repeatable levels by time:
     D:6: 134 daAuts
     D:5: 23 daAuts
     D:7: 8 daAuts
  Temple: 0 daAuts
